Map: World of Sleepers LE

Players

ZhuGeLiang - Winner!

  • Race: Zerg Zerg
  • Spawn Location: 7:00

Fuego

  • Race: Terran Terran
  • Spawn Location: 1:00

Event: NationWars 2019

VOD

Have the link to the VOD?

Description

Time

  • Played on: Oct. 6, 2019, 3:07 p.m.
  • Length: 12:25
Show
View Real Time Build Order
Export as new Build Order

ZhuGeLiang Zerg - Winner!

Build Orders: Pool First 

Get SALT Encoding   

  12  0:01  Drone  
  13  0:13  Overlord  
  13  0:16  Drone  
  14  0:31  Drone x2  
  14  0:35  Drone  
  17  0:45  Spawning Pool  
  17  0:47  Drone  
  17  1:08  Hatchery  
  17  1:10  Drone  
  17  1:13  Drone  
  17  1:17  Extractor  
  17  1:31  Queen  
  17  1:32  Zergling x4  
  21  1:40  Overlord  
  21  1:51  Drone  
  22  2:01  Drone  
  22  2:07  Queen  
  25  2:12  Drone  
  26  2:19  Metabolic Boost  
  26  2:20  Queen  
  26  2:21  Drone  
  29  2:28  Drone  
  30  2:34  Drone  
  30  2:35  Drone  
  32  2:43  Overlord  
  32  2:44  Drone x2  
  32  2:45  Drone  
  32  2:48  Pneumatized Carapace  
  35  3:04  Hatchery  
  33  3:06  Drone  
  33  3:08  Drone  
  35  3:15  Drone x3  
  38  3:22  Overlord, Drone x2  
  38  3:26  Zergling x4  
  42  3:32  Queen  
  44  3:44  Drone x6  
  50  3:49  Overlord  
  50  3:55  Baneling Nest  
  49  3:57  Zergling x2, Overlord  
  51  4:02  Drone  
  51  4:03  Drone  
  51  4:06  Overlord  
  51  4:09  Queen, Drone x2  
  56  4:16  Drone x2  
  58  4:18  Queen  
  58  4:19  Drone  
  61  4:27  Zergling x4  
  61  4:28  Zergling x6  
  66  4:35  Drone  
  67  4:40  Drone  
  67  4:41  Drone  
  67  4:42  Lair  
  67  4:45  Queen  
  71  4:50  Drone x3  
  74  4:58  Overlord  
  74  4:59  Overlord  
  74  5:06  Overlord  
  74  5:07  Overlord  
  73  5:09  Overlord, Extractor, Queen  
  73  5:10  Extractor x2, Overlord  
  73  5:13  Overlord  
  72  5:15  Spore Crawler  
  72  5:16  Spore Crawler  
  72  5:18  Spore Crawler, Drone x4  
  73  5:21  Drone x2  
  73  5:27  Drone  
  73  5:28  Drone x5  
  81  5:38  Drone  
  81  5:41  Overlord  
  82  5:44  Overlord x2  
  82  5:45  Zergling x2  
  83  5:50  Zergling x2, Spire  
  83  5:51  Zergling x6  
  86  5:59  Extractor  
  86  6:00  Overseer  
  86  6:03  Extractor  
  86  6:04  Drone x6  
  86  6:07  Drone x2  
  86  6:08  Drone  
  93  6:11  Baneling  
  93  6:12  Baneling x8  
  93  6:16  Baneling  
  93  6:17  Baneling x2  
  93  6:18  Zergling x6  
  84  6:34  Drone x3  
  84  6:35  Drone x5  
  89  6:41  Drone  
  89  6:42  Drone  
  87  6:57  Hatchery  
  86  7:02  Drone x3  
  86  7:03  Roach Warren, Spire  
  86  7:06  Drone  
  88  7:22  Hatchery  
  87  7:24  Drone x6  
  87  7:28  Evolution Chamber  
  92  7:30  Evolution Chamber  
  91  7:46  Roach x4  
  91  7:49  Unknown  
  98  7:55  Roach x2  
  98  7:56  Roach x2  
  106  7:59  Zerg Ground Armor Level 1, Zerg Missile Weapons Level 1  
  106  8:15  Corruptor  
  106  8:16  Corruptor x5  
  106  8:18  Glial Reconstitution  
  118  8:25  Overlord  
  118  8:26  Roach x5  
  128  8:36  Overlord  
  128  8:37  Centrifical Hooks  
  128  8:39  Overlord  
  127  8:42  Zergling x12  
  133  8:48  Ravager  
  133  8:49  Ravager x2  
  136  8:56  Zergling x12  
  136  8:57  Zergling x6  
  136  8:59  Baneling x3  
  136  9:01  Baneling  
  136  9:02  Baneling x9  
  144  9:05  Zergling x6  
  144  9:06  Zergling x8  
  151  9:13  Roach  
  151  9:14  Roach x5  
  163  9:23  Ravager x2  
  163  9:24  Ravager, Overlord x4  
  165  9:28  Baneling x8  
  163  9:32  Overlord  
  163  9:34  Roach x3  
  169  9:43  Overlord  
  169  9:45  Zergling x2  
  169  9:46  Zergling x10  
  175  9:54  Zerg Melee Weapons Level 1, Zerg Missile Weapons Level 2  
  175  9:56  Roach x7  
  175  9:57  Zergling x6  
  175  9:59  Zergling x2  
  193  10:08  Baneling x14  
  193  10:09  Baneling  
  193  10:11  Zergling x4  
  193  10:12  Zergling x4  
  197  10:15  Zergling x6  
  196  10:24  Roach x5  
  196  10:33  Zergling x2  
  196  10:34  Zergling x12  
  199  10:38  Zergling x2  
  171  10:50  Corruptor  
  171  10:51  Corruptor x5  
  171  10:53  Zergling x2  
  171  10:54  Zergling x6  
  176  11:02  Corruptor x2  
  159  11:20  Corruptor x5  
  166  11:29  Corruptor x2  
  166  11:32  Zergling x8  
  174  11:39  Baneling x9  
  174  11:47  Baneling x3  
  166  11:48  Zergling x12  
  172  11:55  Zergling x12  
Show
View Real Time Build Order
Export as new Build Order

Fuego Terran 

Build Orders: Reaper Expand 

Get SALT Encoding   

  12  0:00  SCV  
  13  0:13  SCV  
  14  0:17  Supply Depot  
  14  0:25  SCV  
  15  0:39  SCV  
  15  0:41  Barracks  
  16  0:44  Refinery  
  16  0:51  SCV  
  17  1:03  SCV  
  18  1:15  SCV  
  19  1:29  Reaper  
  19  1:30  Orbital Command  
  20  1:40  Command Center  
  20  1:48  Supply Depot  
  20  1:56  SCV  
  21  2:01  Marine  
  21  2:04  Factory  
  23  2:08  SCV  
  23  2:16  Refinery  
  23  2:20  SCV  
  23  2:21  Barracks Reactor  
  24  2:32  SCV  
  25  2:44  SCV  
  26  2:56  SCV  
  29  3:05  Starport  
  29  3:09  Orbital Command, SCV  
  28  3:15  Hellion x2  
  28  3:16  Marine  
  33  3:21  SCV  
  34  3:35  Marine  
  34  3:36  Hellion x2  
  39  3:44  SCV  
  39  3:45  SCV  
  41  3:53  Supply Depot  
  41  3:54  Viking  
  43  3:56  SCV  
  43  3:57  Fusion Core  
  43  4:00  Barracks Tech Lab  
  43  4:01  SCV  
  45  4:08  SCV  
  46  4:14  Hellion, SCV  
  49  4:18  Supply Depot  
  49  4:20  SCV  
  50  4:26  SCV  
  52  4:39  Hellion  
  52  4:40  Hellion, Supply Depot  
  52  4:43  Supply Depot  
  57  4:53  Battlecruiser  
  57  4:54  SCV  
  62  5:01  SCV  
  62  5:03  Armory  
  63  5:07  Hellion  
  63  5:08  Hellion  
  63  5:09  SCV  
  63  5:13  SCV, Supply Depot  
  69  5:16  Command Center  
  69  5:24  SCV  
  69  5:25  Refinery  
  69  5:26  Refinery  
  70  5:31  SCV  
  70  5:33  Hellion x2  
  75  5:36  SCV  
  75  5:41  Barracks Tech Lab, Factory  
  76  5:43  Factory  
  76  5:45  SCV  
  77  5:58  SCV  
  77  5:59  Hellion  
  77  6:00  Hellion  
  82  6:10  SCV  
  83  6:16  SCV  
  84  6:21  Hellion  
  86  6:28  Hellion, SCV  
  86  6:29  Starport Tech Lab  
  85  6:47  Orbital Command, SCV, Terran Vehicle And Ship Armor Level 1  
  86  6:48  Factory  
  86  6:51  Factory  
  80  7:06  Cyclone x2, Hellion x2, Infernal Pre-Igniter  
  90  7:09  SCV x2  
  92  7:20  Battlecruiser  
  92  7:22  Barracks Reactor, Orbital Command  
  99  7:27  SCV x2  
  100  7:35  Factory Tech Lab  
  100  7:38  Supply Depot x2  
  100  7:39  Refinery, SCV  
  100  7:40  Engineering Bay  
  100  7:42  Refinery  
  101  7:45  SCV  
  101  7:52  SCV x2  
  101  7:53  Supply Depot x2  
  101  7:55  Cyclone  
  101  7:57  SCV  
  107  8:01  Cyclone  
  107  8:04  SCV  
  111  8:06  SCV  
  111  8:08  Cyclone  
  115  8:13  Hellion x6, SCV  
  115  8:15  Hellion x3  
  115  8:19  Mag-Field Accelerator  
  122  8:27  Cyclone  
  122  8:28  Hellion  
  122  8:33  Cyclone  
  130  8:36  Hellion  
  130  8:40  Supply Depot  
  130  8:41  Cyclone, Hellion  
  137  8:47  SCV x2  
  139  8:53  SCV  
  139  8:54  Terran Vehicle And Ship Armor Level 2  
  140  8:56  Supply Depot  
  140  9:06  Cyclone, Hellion x2  
  147  9:14  SCV  
  145  9:24  Battlecruiser  
  145  9:25  Cyclone, Hellion  
  145  9:27  SCV  
  157  9:32  Supply Depot  
  157  9:35  SCV  
  158  9:41  Cyclone, Hellion x2  
  165  9:47  Supply Depot  
  165  9:53  SCV  
  165  9:56  Command Center  
  165  9:57  Weapon Refit  
  166  10:01  Cyclone  
  169  10:10  Cyclone, Hellion  
  168  10:32  Cyclone, Hellion x2  
  172  10:43  Hellion  
  172  10:48  Cyclone, Hellion x2  
  146  10:53  Hellion  
  113  10:57  Hellion  
  113  11:01  Battlecruiser  
  113  11:02  SCV  
  113  11:04  Cyclone, Orbital Command  
  103  11:08  Hellion  
  103  11:09  Cyclone  
  104  11:13  Supply Depot  
  104  11:16  Hellion  
  90  11:20  Cyclone  
  90  11:24  Hellion x2  
  97  11:36  Cyclone, Hellion  
  97  11:37  Hellion  
  104  11:41  Siege Tank  
  104  11:43  SCV x2  
  109  11:52  Cyclone  
Tags
 
Add a new tag
Caveats
  • Supply blocks, unpowered buildings, or Contaminate may cause inaccurate times.
  • Supply counts are checked every 10 seconds.